 Dungeon Crawl Stone Soup version 0.23-a0-814-g91b4073 (console) character file.

170 bli the Chopper (level 5, -9/41 HPs)
             Began as a Formicid Abyssal Knight on Jan 21, 2019.
             Was a Believer of Lugonu.
             Mangled by an orc warrior
             ... wielding a +0 dire flail
              (21 damage)
             ... on level 3 of the Dungeon.
             The game lasted 00:08:57 (2835 turns).

bli the Chopper (Formicid Abyssal Knight)           Turns: 2835, Time: 00:08:58

Health: -9/41      AC:  6    Str: 17    XL:     5   Next: 80%
Magic:  6/6        EV: 11    Int: 11    God:    Lugonu [**....]
Gold:   116        SH:  0    Dex: 11    Spells: 4/4 levels left

rFire    + . .     SeeInvis +   x - -2 whip (curse)
rCold    x . .     Gourm    .   (no shield)
rNeg     . . .     Faith    .   b - +0 leather armour
rPois    +         Spirit   .   (helmet unavailable)
rElec    .         Reflect  .   l - +2 cloak
rCorr    .         Harm     .   (no gloves)
MR       .....                  (no boots)
Stlth    +.........             (no amulet)
HPRegen  0.13/turn              k - ring of poison resistance
MPRegen  0.10/turn              i - ring of fire

@: no status effects
A: permanent stasis, dig shafts and tunnels, four strong arms, antennae 3
a: Dig, Shaft Self, Depart the Abyss, Bend Space, Renounce Religion


You were on level 3 of the Dungeon.
You worshipped Lugonu.
Lugonu was pleased with you.
You were hungry.

You visited 1 branch of the dungeon, and saw 3 of its levels.
You visited the Abyss 1 time.

You collected 116 gold pieces.

Inventory:

Hand Weapons
 a - a +2 hand axe
 p - a +0 whip
 u - a +0 halberd
 x - a cursed -2 whip (weapon)
Missiles
 f - 27 sling bullets
 g - 76 stones (quivered)
 s - 15 poisoned needles
Armour
 b - a +0 leather armour (worn)
 j - a +0 cloak
 l - a +2 cloak (worn)
 q - a +0 ring mail
Jewellery
 i - a ring of fire (right hand)
 k - a ring of poison resistance (left hand)
Scrolls
 h - 2 scrolls of amnesia
 r - a scroll of magic mapping
 w - a scroll of immolation
Potions
 d - 2 potions of might {unknown}
 e - 2 potions of curing {unknown}
 o - a potion of ambrosia {unknown}
 t - a potion of heal wounds {unknown}
Comestibles
 c - 9 rations
 n - 6 chunks of flesh


   Skills:
 - Level 3.2 Fighting
 * Level 5.5 Axes
 + Level 0.3(3.4) Maces & Flails
 - Level 2.1 Armour
 - Level 0.8 Dodging
 - Level 2.1 Invocations


You had 4 spell levels left.
You didn't know any spells.
Your spell library was empty.

Dungeon Overview and Level Annotations

Branches:
Dungeon (3/15)

Altars:


Innate Abilities, Weirdness & Mutations

You cannot be hasted, slowed, berserked, paralysed or teleported.
You can dig through walls and to a lower floor.
Your four strong arms can wield two-handed weapons with a shield.
You have a pair of large antennae on your head. (SInv)


Message History

The now-empty wand crumbles to dust.
The orc warrior barely misses you.
You stop training Evocations.
You barely miss the orc warrior.
The orc warrior is heavily wounded.
You are feeling hungry.
You hit the orc warrior but do no damage.
The orc warrior is heavily wounded.
The orc warrior hits you with a +0 dire flail.
You barely miss the orc warrior.
The orc warrior is heavily wounded.
The orc warrior hits you with a +0 dire flail.
* * * LOW HITPOINT WARNING * * *
There is a stone staircase leading up here.
You hit the orc warrior.
The orc warrior is heavily wounded.
The orc warrior barely misses you.
You closely miss the orc warrior.
The orc warrior is heavily wounded.
The orc warrior hits you with a +0 dire flail!!
Ouch! That really hurt!
You die...

..#######.####.#
..#######.####.#
...............##############
..........###...............#
.....####..........########.#
...### #(..(...###.# #.# ...#
#..###..# #.# #)#
...#####..###..# #.# #.#
...........##..###.# ###.#
...#####.#.##..o^#.# #...#
.#.#####....#..#@#.# #.###
##........####.#.#.# #.#
##########.#..#.#.######.#
#.#.....#.#.#........#
#..#.######.#######..#
#.###..#..#.# #..#
#.#...).#.#.# #.<#
#..#.####.#.# #..#
######.#..#.#######..#
#.#.....#.#.>........#
#..#รท######......#.#.#


You could see an orc warrior.

Vanquished Creatures
  Natasha (thrice) (D:2)
  2 adders
  An ooze (D:1)
  2 worms
  A dart slug (D:1)
  A leopard gecko (D:1)
  An orc (D:3)
  7 giant cockroaches
  8 goblins
  4 hobgoblins
  5 jackals (D:2)
  6 kobolds
  A quokka (D:2)
  7 bats
  5 frilled lizards
  9 rats
63 creatures vanquished.

Notes
Turn   | Place    | Note
-------+----------+-------------------------------------------
     0 | Abyss:1  | bli the Formicid Abyssal Knight began the quest for the
                  | Orb.
     0 | Abyss:1  | Reached XP level 1. HP: 18/18 MP: 2/2
   134 | Abyss:3  | Noticed a tentacled starspawn
   137 | D:1      | Escaped the Abyss
   343 | D:1      | Reached * piety under Lugonu
   369 | D:1      | Reached XP level 2. HP: 20/24 MP: 3/3
   425 | D:1      | Reached skill level 3 in Axes
   449 | D:1      | Reached XP level 3. HP: 20/29 MP: 4/4
   908 | D:2      | Reached skill level 4 in Axes
   908 | D:2      | Reached XP level 4. HP: 14/35 MP: 5/5
   944 | D:2      | Reached ** piety under Lugonu
  1166 | D:2      | Noticed Natasha
  1176 | D:2      | Killed Natasha
  1429 | D:2      | Noticed Natasha
  1454 | D:2      | Killed Natasha
  1454 | D:2      | Reached skill level 5 in Axes
  1454 | D:2      | Reached XP level 5. HP: 15/41 MP: 6/6
  1748 | D:2      | Noticed Natasha
  1772 | D:2      | Killed Natasha
  2326 | D:3      | Noticed an orc warrior
  2835 | D:3      | Mangled by an orc warrior

Vault maps used:
D:1:      dpeg_arrival_prison, minmay_misc_feat_pillars
D:2:      first_ration, minmay_pentomino_z2, uniq_natasha
D:3:      minmay_angry_zag
Abyss:2:  evilmike_abyss_exit_1

Skill      XL: |  1  2  3  4 |
---------------+-------------+-----
Axes           | 3 4 5 |  5.5
Fighting       | |  3.2
Maces & Flails | |  0.3
Armour         | |  2.1
Dodging        | |  0.8
Invocations    | |  2.1

Action                   |  1- 3 |  4- 6 || total
-------------------------+-------+-------++-------
Melee: Hand axe          |    86 |    50 ||   136
       Whip              |       |   150 ||   150
Throw: Stone             |       |     9 ||     9
Invok: Depart the Abyss  |     1 |       ||     1
 Abil: Dig               |       |     1 ||     1
Evoke: Wand              |       |     5 ||     5
  Use: Scroll            |       |     7 ||     7
 Stab: Sleeping          |     1 |       ||     1
  Eat: Chunk             |       |     6 ||     6
Armor: Leather armour    |    27 |    44 ||    71
Dodge: Dodged            |    60 |   109 ||   169

Table legend:
 A = Non-vault XP
 B = Vault XP
 C = Vault XP percentage of total XP
 D = Non-vault monster count
 E = Vault monster count
 F = Vault count percentage of total count
                 A         B        C        D         E       F
            +---------+---------+-------+---------+---------+-------
      Total |     199 |      44 |  18.1 |      56 |       7 |  11.1
            +---------+---------+-------+---------+---------+-------
        D:1 |      40 |       3 |   7.0 |      21 |       2 |   8.7
        D:2 |     121 |      39 |  24.4 |      23 |       4 |  14.8
        D:3 |      38 |       2 |   5.0 |      12 |       1 |   7.7
            +---------+---------+-------+---------+---------+-------
